 Dungeon Crawl Stone Soup version 0.29.0-4-gdea44cf6ec (webtiles) character file.

Game seed: 6820692871030727895

7459 qw the Blocker (level 10, -9/92 HPs)
             Began as a Troll Cinder Acolyte on Aug 31, 2022.
             Was an Initiate of Okawaru.
             Mangled by a yak (10 damage)
             ... on level 1 of the Lair of Beasts.
             The game lasted 00:05:04 (8751 turns).

qw the Blocker (Troll Cinder Acolyte)               Turns: 8751, Time: 00:05:04

Health: -9/92      AC:  8    Str: 28    XL:     10   Next: 94%
Magic:  10/10      EV:  7    Int: 10    God:    Okawaru [......]
Gold:   662        SH: 14    Dex:  5    Spells: 11/11 levels left

rFire   . . .      SeeInvis +     - Unarmed
rCold   . . .      Faith    .   i - +0 tower shield
rNeg    . . .      Spirit   .   o - +1 steam dragon scales
rPois   .          Reflect  .   (helmet restricted)
rElec   .          Harm     .   (no cloak)
rCorr   .          Rampage  .   (gloves unavailable)
Will    .....                   (boots unavailable)
Stlth   +.........              n - amulet of the acrobat
HPRegen 1.05/turn               k - ring of see invisible
MPRegen 0.12/turn               (no ring)

@: lethally poisoned (-9 -> -16), about to teleport, fire susceptible
A: large, unfitting armour, claws 3, regeneration 1, shaggy fur 1, tough skin 1
a: Renounce Religion


You were on level 1 of the Lair of Beasts.
You worshipped Okawaru.
Okawaru was noncommittal.
You visited 3 branches of the dungeon, and saw 12 of its levels.
You also visited: Ossuary.

You collected 662 gold pieces.


Innate Abilities, Weirdness & Mutations

You are too large for most types of armour.
You have claws for hands.
Your natural rate of healing is unusually fast.
You are covered in fur. (AC +1)
You have tough skin. (AC +1)


   Skills:
 - Level 4.1 Fighting
 - Level 1.4 Throwing
 - Level 1.0 Armour
 - Level 1.1 Dodging
 + Level 11.9 Shields
 - Level 10.1 Unarmed Combat
 - Level 1.0 Spellcasting
 - Level 2.1 Fire Magic


You had 11 spell levels left.
You didn't know any spells.
Your spell library contained the following spells:

 Spells                   Type           Power      Damage    Failure   Level
 Scorch                   Fire           8%         2d5       58%         2

Inventory:

Missiles
 g - 2 boomerangs (quivered)
Armour
 i - a +0 tower shield (worn)
 o - +1 steam dragon scales (worn)
Jewellery
 d - a ring of ice
 h - a ring of see invisible
 k - a ring of see invisible (left claw)
 n - an amulet of the acrobat (around neck)
Wands
 l - a wand of digging (5)
Scrolls
 e - 3 scrolls of identify
 m - a scroll of teleportation
Potions
 a - a potion of mutation
 b - 3 potions of resistance
 c - a potion of might
 f - 7 potions of curing

Dungeon Overview and Level Annotations

Branches:
Dungeon (10/15)            Temple (1/1) D:5            Lair (1/5) D:10
Ossuary (visited)
    Orc: D:9-12

Altars:
Ashenzari
Cheibriados
Elyvilon
Fedhas
Gozag
Hepliaklqana
Kikubaaqudgha
Makhleb
Okawaru
Qazlal
Ru
Sif Muna
Vehumet
Wu Jian
Zin

Portals:
Bailey: D:10

Annotations:
D:3 3 runed translucent doors, qw's ghost, weakling TeWr


Message History

You barely miss the cane toad. The ice encasing you melts away.
You block the water moccasin's attack. You block the cane toad's attack.
The rime drake breathes ice at you. The flash freeze misses you.
You closely miss the cane toad. You block the water moccasin's attack.
The cane toad barely misses you. The rime drake barely misses you.
The water moccasin bites you.
You are poisoned.
The water moccasin poisons you! The cane toad stings you!
You are more poisoned.
The cane toad poisons you!
You claw the cane toad!
The cane toad is moderately wounded.
You feel extremely sick.
A nearby fungus withers and dies.
You block the yak's attack. You block the water moccasin's attack.
The rime drake bites you but does no damage.
The cane toad stings you.
You barely miss the cane toad.
The cane toad is moderately wounded.
You feel extremely sick. You block the water moccasin's attack.
The rime drake breathes ice at you. You block the flash freeze.
The yak gores you but does no damage. You block the cane toad's attack.
You block the water moccasin's attack. The rime drake closely misses you.
You barely miss the yak.
The yak is almost dead.
You feel very sick. You block the yak's attack.
The yak gores you but does no damage. You block the water moccasin's attack.
The cane toad stings you!! You block the rime drake's attack.
8751 ||| READING 2 scrolls of teleportation.
As you read the scroll of teleportation, it crumbles to dust.
You feel strangely unstable.
You feel very sick.
The water moccasin bites you but does no damage.
The yak gores you!
You die...

....# ....#..
.....#..
..........
.....#....
#....#....
##Y.......
##@YY....#
#FkS.....#
......S#Y%....#
.......#.<..#.#
##.#...#....# #
# #..$........
#...F.#.....#
#......#.......
........[.#.#..


You could see 4 yaks, a cane toad, a rime drake and 2 water moccasins.

Vanquished Creatures
  A two-headed ogre (D:9)
  An oklob plant (D:10)
  A hornet (D:10)
  2 trolls
  Grinder (D:3)
  Sigmund (D:4)
  A vampire (D:9)
  7 yaks
  2 steam dragons
  Edmund (D:5)
  An acid dragon (D:9)
  2 orc warriors
  2 sky beasts (D:7)
  2 black bears
  3 centaurs
  A phantom (D:7)
  4 kobold brigands
  2 necrophages
  5 water moccasin zombies (Ossuary)
  3 bullfrogs
  5 scorpions
  8 wights
  12 killer bees
  3 orc priests (D:6)
  A jelly (D:5)
  4 iguanas
  Natasha (thrice) (D:3)
  12 orc wizards
  3 mummies
  5 adders
  A white imp (D:8)
  4 ufetubi
  4 adder zombies (Ossuary)
  2 worms
  4 dart slugs
  43 orcs
  3 bats
  5 endoplasms
  3 giant cockroaches
  3 gnoll zombies (Ossuary)
  7 goblins
  4 hobgoblins
  7 jackals
  2 quokkas
  8 ball pythons
  A frilled lizard (D:2)
  4 hobgoblin zombies (Ossuary)
  26 kobolds
  7 kobold zombies (Ossuary)
  13 orc zombies (Ossuary)
  2 rats
252 creatures vanquished.

Vanquished Creatures (others)
  An orc (D:6)
  A fungus (Lair:1)
  13 plants (D:10)
15 creatures vanquished.

Grand Total: 267 creatures vanquished

Notes
Turn   | Place    | Note
-------+----------+-------------------------------------------
     0 | D:1      | qw the Troll Cinder Acolyte began the quest for the Orb.
     0 | D:1      | Reached XP level 1. HP: 22/22 MP: 1/1
     0 | D:1      | 0 ||| qw: Version: 0.1-a-97-g2dd2ca4
     0 | D:1      | 0 ||| qw: Game counter: 4485
     0 | D:1      | 0 ||| qw: Always use a shield: true
     0 | D:1      | 0 ||| qw: God list: Okawaru
     0 | D:1      | 0 ||| qw: Allow faded altars: false
     0 | D:1      | 0 ||| qw: Do Orc after D:15 true
     0 | D:1      | 0 ||| qw: Do second Lair branch before Depths: true
     0 | D:1      | 0 ||| qw: Lair rune preference: random
     0 | D:1      | 0 ||| qw: Plans: Normal
     0 | D:1      | 0 ||| PLANNING D:1-11
   135 | D:1      | 135 ||| Stepping ~*~*~tactically~*~*~ (hiding).
   145 | D:1      | Reached XP level 2. HP: 29/29 MP: 2/2
   736 | D:1      | Found a faded altar of an unknown god.
   823 | D:1      | 823 ||| READING scroll labelled POQOMO ESUHOMN.
   824 | D:1      | 824 ||| READING scroll labelled IVOMNA SUOG.
   909 | D:2      | 909 ||| Stepping ~*~*~tactically~*~*~ (hiding).
   911 | D:2      | 911 ||| Stepping ~*~*~tactically~*~*~ (hiding).
   912 | D:2      | 912 ||| Stepping ~*~*~tactically~*~*~ (hiding).
  1204 | D:2      | Reached XP level 3. HP: 36/36 MP: 3/3
  1495 | D:2      | 1495 ||| UPGRADING to +0 tower shield.
  1500 | D:2      | 1500 ||| READING scroll labelled QOUFOC KA YMAU.
  1501 | D:2      | 1501 ||| READING scroll labelled HOVUJO RAPIQ BOL.
  1502 | D:2      | 1502 ||| READING scroll labelled EHIJIPR UDYCVERGH.
  1603 | D:2      | 1603 ||| READING scroll labelled FUBUD HAGUURR.
  1632 | D:3      | Reached skill level 1 in Shields
  1684 | D:3      | 1684 ||| Stepping ~*~*~tactically~*~*~ (hiding).
  1720 | D:3      | Noticed Natasha
  1726 | D:3      | Killed Natasha
  1727 | D:3      | Reached skill level 2 in Shields
  1727 | D:3      | Reached XP level 4. HP: 37/44 MP: 4/4
  1862 | D:3      | 1862 ||| Stepping ~*~*~tactically~*~*~ (hiding).
  1878 | D:3      | 1878 ||| Stepping ~*~*~tactically~*~*~ (outnumbered).
  1884 | D:3      | 1884 ||| Stepping ~*~*~tactically~*~*~ (outnumbered).
  1885 | D:3      | 1885 ||| Stepping ~*~*~tactically~*~*~ (outnumbered).
  1946 | D:3      | Noticed qw's ghost (weakling TeWr)
  1964 | D:3      | 1964 ||| Stepping ~*~*~tactically~*~*~ (stealth).
  1968 | D:3      | 1968 ||| Stepping ~*~*~tactically~*~*~ (stealth).
  1976 | D:3      | 1976 ||| Stepping ~*~*~tactically~*~*~ (stealth).
  1979 | D:3      | Reached skill level 3 in Shields
  1979 | D:3      | Reached XP level 5. HP: 50/50 MP: 5/5
  1993 | D:3      | Found a runed translucent gate.
  1993 | D:3      | Found a runed translucent gate.
  1994 | D:3      | Found a runed translucent gate.
  2050 | D:3      | 2050 ||| Stepping ~*~*~tactically~*~*~ (stealth).
  2077 | D:3      | You fall into a shaft and drop 1 floor!
  2089 | D:4      | 2089 ||| Stepping ~*~*~tactically~*~*~ (outnumbered).
  2090 | D:4      | 2090 ||| Stepping ~*~*~tactically~*~*~ (outnumbered).
  2091 | D:4      | 2091 ||| Stepping ~*~*~tactically~*~*~ (outnumbered).
  2092 | D:4      | 2092 ||| Stepping ~*~*~tactically~*~*~ (outnumbered).
  2093 | D:4      | 2093 ||| Stepping ~*~*~tactically~*~*~ (outnumbered).
  2094 | D:4      | 2094 ||| Stepping ~*~*~tactically~*~*~ (outnumbered).
  2095 | D:4      | 2095 ||| Stepping ~*~*~tactically~*~*~ (outnumbered).
  2096 | D:4      | 2096 ||| Stepping ~*~*~tactically~*~*~ (outnumbered).
  2097 | D:4      | 2097 ||| Stepping ~*~*~tactically~*~*~ (outnumbered).
  2098 | D:4      | 2098 ||| Stepping ~*~*~tactically~*~*~ (outnumbered).
  2179 | D:4      | 2179 ||| Stepping ~*~*~tactically~*~*~ (stealth).
  2180 | D:4      | 2180 ||| Stepping ~*~*~tactically~*~*~ (hiding).
  2239 | D:4      | Noticed Sigmund
  2245 | D:4      | Killed Sigmund
  2246 | D:4      | Reached skill level 5 in Shields
  2246 | D:4      | Reached XP level 6. HP: 52/59 MP: 6/6
  2318 | D:4      | 2318 ||| UPGRADING to ring of see invisible.
  2319 | D:4      | 2319 ||| READING 2 scrolls labelled KARGHE EGGEGI.
  2324 | D:4      | 2324 ||| DRINKING 2 brown potions.
  2428 | D:4      | 2428 ||| DRINKING 2 orange potions.
  2429 | D:4      | 2429 ||| READING 4 scrolls of identify.
  2429 | D:4      | 2429 ||| IDENTIFYING grey potion
  2430 | D:4      | 2430 ||| READING 3 scrolls of identify.
  2430 | D:4      | 2430 ||| IDENTIFYING fizzy cyan potion
  2431 | D:4      | 2431 ||| READING 2 scrolls of identify.
  2431 | D:4      | 2431 ||| IDENTIFYING fuming golden potion
  2432 | D:4      | 2432 ||| DROPPING potion of berserk rage.
  2433 | D:4      | 2433 ||| DROPPING potion of invisibility.
  2570 | D:3      | 2570 ||| Stepping ~*~*~tactically~*~*~ (hiding).
  2645 | D:3      | Noticed Grinder
  2646 | D:3      | 2646 ||| Stepping ~*~*~tactically~*~*~ (hiding).
  2647 | D:3      | 2647 ||| Stepping ~*~*~tactically~*~*~ (hiding).
  2653 | D:3      | Paralysed by Grinder for 3 turns
  2658 | D:3      | 2658 ||| DRINKING potion of curing.
  2658 | D:3      | 2658 ||| (to cure confusion)
  2660 | D:3      | 2660 ||| INVOKING Fiery Armour.
  2663 | D:3      | Killed Grinder
  2664 | D:3      | Reached skill level 6 in Shields
  2664 | D:3      | Reached XP level 7. HP: 30/66 MP: 7/7
  2669 | D:3      | Noticed Natasha
  2670 | D:3      | 2670 ||| Stepping ~*~*~tactically~*~*~ (stealth).
  2673 | D:3      | Killed Natasha
  2736 | D:3      | Noticed Natasha
  2737 | D:3      | 2737 ||| Stepping ~*~*~tactically~*~*~ (stealth).
  2739 | D:3      | 2739 ||| Stepping ~*~*~tactically~*~*~ (hiding).
  2746 | D:3      | Killed Natasha
  2895 | D:3      | 2895 ||| Stepping ~*~*~tactically~*~*~ (hiding).
  2900 | D:3      | 2900 ||| INVOKING Fiery Armour.
  2903 | D:3      | Reached skill level 7 in Shields
  3115 | D:3      | 3115 ||| READING scroll of teleportation.
  3184 | D:4      | 3184 ||| Stepping ~*~*~tactically~*~*~ (outnumbered).
  3185 | D:4      | 3185 ||| Stepping ~*~*~tactically~*~*~ (outnumbered).
  3187 | D:4      | 3187 ||| Stepping ~*~*~tactically~*~*~ (outnumbered).
  3188 | D:4      | 3188 ||| Stepping ~*~*~tactically~*~*~ (outnumbered).
  3189 | D:4      | 3189 ||| Stepping ~*~*~tactically~*~*~ (outnumbered).
  3190 | D:4      | 3190 ||| Stepping ~*~*~tactically~*~*~ (outnumbered).
  3191 | D:4      | 3191 ||| Stepping ~*~*~tactically~*~*~ (outnumbered).
  3206 | D:4      | Found a faded altar of an unknown god.
  3643 | D:4      | 3643 ||| READING 2 scrolls of identify.
  3643 | D:4      | 3643 ||| IDENTIFYING fuming emerald potion
  3644 | D:4      | 3644 ||| DROPPING potion of degeneration.
  3671 | D:5      | Entered Level 5 of the Dungeon
  3674 | D:5      | 3674 ||| Stepping ~*~*~tactically~*~*~ (stealth).
  3675 | D:5      | 3675 ||| Stepping ~*~*~tactically~*~*~ (stealth).
  3676 | D:5      | 3676 ||| Stepping ~*~*~tactically~*~*~ (stealth).
  3679 | D:5      | 3679 ||| Stepping ~*~*~tactically~*~*~ (stealth).
  3684 | D:5      | 3684 ||| Stepping ~*~*~tactically~*~*~ (outnumbered).
  3685 | D:5      | 3685 ||| Stepping ~*~*~tactically~*~*~ (outnumbered).
  3909 | D:5      | Reached XP level 8. HP: 66/74 MP: 8/8
  3964 | D:5      | Noticed Edmund
  3973 | D:5      | 3973 ||| INVOKING Fiery Armour.
  3978 | D:5      | Killed Edmund
  4052 | D:5      | Reached skill level 8 in Shields
  4075 | D:5      | Found a staircase to the Ecumenical Temple.
  4467 | D:5      | 4467 ||| READING scroll labelled FIRAJIESTI.
  4468 | D:5      | 4468 ||| DRINKING 2 white potions.
  4469 | D:5      | 4469 ||| DROPPING potion of attraction.
  4523 | D:6      | 4523 ||| Stepping ~*~*~tactically~*~*~ (outnumbered).
  4524 | D:6      | 4524 ||| Stepping ~*~*~tactically~*~*~ (outnumbered).
  4525 | D:6      | 4525 ||| Stepping ~*~*~tactically~*~*~ (outnumbered).
  4539 | D:6      | Found a stormy altar of Qazlal.
  4575 | D:6      | 4575 ||| Stepping ~*~*~tactically~*~*~ (hiding).
  4576 | D:6      | 4576 ||| Stepping ~*~*~tactically~*~*~ (hiding).
  4582 | D:6      | 4582 ||| Stepping ~*~*~tactically~*~*~ (outnumbered).
  4587 | D:6      | Reached skill level 6 in Unarmed Combat
  4587 | D:6      | 4587 ||| Stepping ~*~*~tactically~*~*~ (outnumbered).
  4588 | D:6      | 4588 ||| Stepping ~*~*~tactically~*~*~ (outnumbered).
  4589 | D:6      | 4589 ||| Stepping ~*~*~tactically~*~*~ (outnumbered).
  4590 | D:6      | 4590 ||| Stepping ~*~*~tactically~*~*~ (outnumbered).
  4591 | D:6      | 4591 ||| Stepping ~*~*~tactically~*~*~ (outnumbered).
  4592 | D:6      | 4592 ||| Stepping ~*~*~tactically~*~*~ (outnumbered).
  4593 | D:6      | 4593 ||| Stepping ~*~*~tactically~*~*~ (outnumbered).
  4594 | D:6      | 4594 ||| Stepping ~*~*~tactically~*~*~ (outnumbered).
  4595 | D:6      | 4595 ||| Stepping ~*~*~tactically~*~*~ (outnumbered).
  4596 | D:6      | 4596 ||| Stepping ~*~*~tactically~*~*~ (outnumbered).
  4597 | D:6      | 4597 ||| Stepping ~*~*~tactically~*~*~ (outnumbered).
  4598 | D:6      | 4598 ||| Stepping ~*~*~tactically~*~*~ (outnumbered).
  4599 | D:6      | 4599 ||| Stepping ~*~*~tactically~*~*~ (outnumbered).
  4600 | D:6      | 4600 ||| Stepping ~*~*~tactically~*~*~ (outnumbered).
  4601 | D:6      | 4601 ||| Stepping ~*~*~tactically~*~*~ (outnumbered).
  4602 | D:6      | 4602 ||| Stepping ~*~*~tactically~*~*~ (outnumbered).
  4605 | D:6      | 4605 ||| Stepping ~*~*~tactically~*~*~ (outnumbered).
  4606 | D:6      | 4606 ||| Stepping ~*~*~tactically~*~*~ (outnumbered).
  4607 | D:6      | 4607 ||| Stepping ~*~*~tactically~*~*~ (outnumbered).
  4608 | D:6      | 4608 ||| Stepping ~*~*~tactically~*~*~ (outnumbered).
  4609 | D:6      | 4609 ||| Stepping ~*~*~tactically~*~*~ (outnumbered).
  4610 | D:6      | 4610 ||| Stepping ~*~*~tactically~*~*~ (outnumbered).
  4611 | D:6      | 4611 ||| Stepping ~*~*~tactically~*~*~ (outnumbered).
  4612 | D:6      | 4612 ||| Stepping ~*~*~tactically~*~*~ (outnumbered).
  4613 | D:6      | 4613 ||| STAIRDANCE
  4619 | D:6      | 4619 ||| Stepping ~*~*~tactically~*~*~ (outnumbered).
  4620 | D:6      | 4620 ||| Stepping ~*~*~tactically~*~*~ (outnumbered).
  4704 | D:6      | 4704 ||| Stepping ~*~*~tactically~*~*~ (stealth).
  4706 | D:6      | 4706 ||| Stepping ~*~*~tactically~*~*~ (stealth).
  4708 | D:6      | 4708 ||| Stepping ~*~*~tactically~*~*~ (stealth).
  4714 | D:6      | 4714 ||| Stepping ~*~*~tactically~*~*~ (stealth).
  4873 | D:6      | 4873 ||| INVOKING Fiery Armour.
  4882 | D:6      | 4882 ||| Stepping ~*~*~tactically~*~*~ (outnumbered).
  4885 | D:6      | HP: 17/74 [killer bee (6)]
  4886 | D:6      | Reached skill level 9 in Shields
  4886 | D:6      | 4886 ||| READING scroll of teleportation.
  4886 | D:6      | HP: 5/74 [killer bee (7)]
  4887 | D:6      | 4887 ||| DRINKING potion of heal wounds.
  4889 | D:6      | 4889 ||| Stepping ~*~*~tactically~*~*~ (outnumbered).
  4890 | D:6      | 4890 ||| Stepping ~*~*~tactically~*~*~ (outnumbered).
  4891 | D:6      | HP: 15/74 [poisoned by a killer bee]
  4896 | D:6      | HP: 14/74 [poisoned by a killer bee]
  5093 | D:6      | 5093 ||| Stepping ~*~*~tactically~*~*~ (stealth).
  5096 | D:6      | 5096 ||| Stepping ~*~*~tactically~*~*~ (hiding).
  5098 | D:6      | 5098 ||| Stepping ~*~*~tactically~*~*~ (outnumbered).
  5108 | D:6      | 5108 ||| Stepping ~*~*~tactically~*~*~ (stealth).
  5109 | D:6      | 5109 ||| Stepping ~*~*~tactically~*~*~ (stealth).
  5115 | D:6      | 5115 ||| Stepping ~*~*~tactically~*~*~ (hiding).
  5116 | D:6      | 5116 ||| Stepping ~*~*~tactically~*~*~ (hiding).
  5132 | D:6      | 5132 ||| Stepping ~*~*~tactically~*~*~ (hiding).
  5254 | D:6      | 5254 ||| UPGRADING to amulet of the acrobat.
  5259 | D:6      | 5259 ||| READING scroll labelled HYMULEL SEOPH.
  5260 | D:6      | 5260 ||| READING scroll labelled JOUVOG LAREA.
  5261 | D:6      | 5261 ||| Stepping randomly (stuck).
  5262 | D:6      | 5262 ||| Stepping ~*~*~tactically~*~*~ (cloud).
  5297 | D:7      | 5297 ||| PLANNING OSSUARY
  5329 | D:7      | 5329 ||| Stepping ~*~*~tactically~*~*~ (stealth).
  5330 | D:7      | 5330 ||| Stepping ~*~*~tactically~*~*~ (stealth).
  5334 | D:7      | 5334 ||| Stepping ~*~*~tactically~*~*~ (outnumbered).
  5336 | D:7      | 5336 ||| Stepping ~*~*~tactically~*~*~ (outnumbered).
  5337 | D:7      | 5337 ||| Stepping ~*~*~tactically~*~*~ (outnumbered).
  5338 | D:7      | 5338 ||| Stepping ~*~*~tactically~*~*~ (outnumbered).
  5340 | D:7      | 5340 ||| Stepping ~*~*~tactically~*~*~ (outnumbered).
  5341 | D:7      | 5341 ||| Stepping ~*~*~tactically~*~*~ (outnumbered).
  5342 | D:7      | 5342 ||| Stepping ~*~*~tactically~*~*~ (outnumbered).
  5347 | D:7      | 5347 ||| Stepping ~*~*~tactically~*~*~ (outnumbered).
  5349 | D:7      | Reached XP level 9. HP: 76/80 MP: 9/9
  5412 | D:7      | 5412 ||| Stepping ~*~*~tactically~*~*~ (stealth).
  5415 | D:7      | 5415 ||| Stepping ~*~*~tactically~*~*~ (stealth).
  5421 | D:7      | 5421 ||| Stepping ~*~*~tactically~*~*~ (outnumbered).
  5427 | D:7      | 5427 ||| INVOKING Fiery Armour.
  5572 | D:7      | Found a hazy altar of Hepliaklqana.
  5628 | D:7      | 5628 ||| Stepping ~*~*~tactically~*~*~ (stealth).
  5630 | D:7      | 5630 ||| Stepping ~*~*~tactically~*~*~ (stealth).
  5633 | D:7      | 5633 ||| Stepping ~*~*~tactically~*~*~ (stealth).
  5772 | D:7      | Found a sand-covered staircase.
  5784 | Ossuary  | Entered an ossuary
  5805 | Ossuary  | 5805 ||| INVOKING Fiery Armour.
  5913 | Ossuary  | 5913 ||| INVOKING Fiery Armour.
  5920 | Ossuary  | Reached skill level 10 in Shields
  5945 | Ossuary  | 5945 ||| Stepping ~*~*~tactically~*~*~ (outnumbered).
  5976 | Ossuary  | 5976 ||| READING scroll labelled HUCLIO ZODEKKA.
  5977 | Ossuary  | 5977 ||| DRINKING 2 sapphire potions.
  5978 | Ossuary  | 5978 ||| DRINKING 3 fizzy yellow potions.
  5979 | Ossuary  | 5979 ||| DROPPING potion of brilliance.
  5980 | Ossuary  | 5980 ||| DROPPING 2 potions of flight.
  5989 | D:7      | 5989 ||| PLANNING D:1-11
  6013 | D:7      | Reached skill level 3 in Fighting
  6318 | D:7      | 6318 ||| READING 3 scrolls of identify.
  6318 | D:7      | 6318 ||| IDENTIFYING lumpy ruby potion
  6319 | D:7      | 6319 ||| DROPPING potion of ambrosia.
  6352 | D:8      | 6352 ||| Stepping ~*~*~tactically~*~*~ (hiding).
  6376 | D:8      | 6376 ||| Stepping ~*~*~tactically~*~*~ (hiding).
  6378 | D:8      | 6378 ||| Stepping ~*~*~tactically~*~*~ (hiding).
  6437 | D:8      | 6437 ||| Stepping ~*~*~tactically~*~*~ (stealth).
  6546 | D:8      | 6546 ||| Stepping ~*~*~tactically~*~*~ (outnumbered).
  6547 | D:8      | 6547 ||| Stepping ~*~*~tactically~*~*~ (outnumbered).
  6548 | D:8      | 6548 ||| Stepping ~*~*~tactically~*~*~ (outnumbered).
  6549 | D:8      | 6549 ||| Stepping ~*~*~tactically~*~*~ (outnumbered).
  6550 | D:8      | 6550 ||| Stepping ~*~*~tactically~*~*~ (outnumbered).
  6552 | D:8      | 6552 ||| Stepping ~*~*~tactically~*~*~ (outnumbered).
  6555 | D:8      | Reached skill level 9 in Unarmed Combat
  6559 | D:8      | Reached skill level 1 in Throwing
  6734 | D:8      | 6734 ||| Stepping ~*~*~tactically~*~*~ (outnumbered).
  6735 | D:8      | 6735 ||| Stepping ~*~*~tactically~*~*~ (outnumbered).
  6737 | D:8      | 6737 ||| Stepping ~*~*~tactically~*~*~ (outnumbered).
  6740 | D:8      | 6740 ||| Stepping ~*~*~tactically~*~*~ (outnumbered).
  6743 | D:8      | Reached XP level 10. HP: 91/91 MP: 10/10
  6755 | D:8      | 6755 ||| Stepping ~*~*~tactically~*~*~ (stealth).
  6814 | D:8      | 6814 ||| Stepping ~*~*~tactically~*~*~ (stealth).
  6816 | D:8      | 6816 ||| Stepping ~*~*~tactically~*~*~ (stealth).
  6820 | D:8      | 6820 ||| Stepping ~*~*~tactically~*~*~ (outnumbered).
  6821 | D:8      | 6821 ||| Stepping ~*~*~tactically~*~*~ (outnumbered).
  6822 | D:8      | 6822 ||| Stepping ~*~*~tactically~*~*~ (outnumbered).
  6823 | D:8      | 6823 ||| Stepping ~*~*~tactically~*~*~ (outnumbered).
  6824 | D:8      | 6824 ||| Stepping ~*~*~tactically~*~*~ (outnumbered).
  6825 | D:8      | 6825 ||| Stepping ~*~*~tactically~*~*~ (outnumbered).
  6826 | D:8      | 6826 ||| Stepping ~*~*~tactically~*~*~ (outnumbered).
  6828 | D:8      | 6828 ||| Stepping ~*~*~tactically~*~*~ (outnumbered).
  6829 | D:8      | 6829 ||| Stepping ~*~*~tactically~*~*~ (outnumbered).
  6830 | D:8      | 6830 ||| Stepping ~*~*~tactically~*~*~ (outnumbered).
  6831 | D:8      | 6831 ||| Stepping ~*~*~tactically~*~*~ (outnumbered).
  6832 | D:8      | 6832 ||| Stepping ~*~*~tactically~*~*~ (outnumbered).
  6833 | D:8      | 6833 ||| Stepping ~*~*~tactically~*~*~ (outnumbered).
  6834 | D:8      | 6834 ||| Stepping ~*~*~tactically~*~*~ (outnumbered).
  6835 | D:8      | 6835 ||| Stepping ~*~*~tactically~*~*~ (outnumbered).
  6836 | D:8      | 6836 ||| Stepping ~*~*~tactically~*~*~ (outnumbered).
  6837 | D:8      | 6837 ||| Stepping ~*~*~tactically~*~*~ (outnumbered).
  6838 | D:8      | 6838 ||| Stepping ~*~*~tactically~*~*~ (outnumbered).
  6839 | D:8      | 6839 ||| Stepping ~*~*~tactically~*~*~ (outnumbered).
  6840 | D:8      | 6840 ||| Stepping ~*~*~tactically~*~*~ (outnumbered).
  7078 | D:8      | 7078 ||| READING scroll labelled PUOKLU UNOEMUTZ.
  7209 | D:9      | 7209 ||| Stepping ~*~*~tactically~*~*~ (stealth).
  7210 | D:9      | Noticed a two-headed ogre
  7218 | D:9      | 7218 ||| Stepping ~*~*~tactically~*~*~ (outnumbered).
  7220 | D:9      | 7220 ||| INVOKING Fiery Armour.
  7222 | D:9      | HP: 16/90 [two-headed ogre/+0 giant club (9)]
  7222 | D:9      | Killed a two-headed ogre
  7223 | D:9      | Reached skill level 11 in Shields
  7223 | D:9      | 7223 ||| READING 3 scrolls of teleportation.
  7224 | D:9      | 7224 ||| DRINKING potion of heal wounds.
  7281 | D:9      | Reached skill level 1 in Dodging
  7535 | D:9      | 7535 ||| Stepping ~*~*~tactically~*~*~ (stealth).
  7574 | D:9      | 7574 ||| Stepping ~*~*~tactically~*~*~ (stealth).
  7578 | D:9      | 7578 ||| Stepping ~*~*~tactically~*~*~ (stealth).
  7579 | D:9      | 7579 ||| Stepping ~*~*~tactically~*~*~ (stealth).
  7582 | D:9      | 7582 ||| Stepping ~*~*~tactically~*~*~ (outnumbered).
  7585 | D:9      | 7585 ||| Stepping ~*~*~tactically~*~*~ (outnumbered).
  7586 | D:9      | 7586 ||| Stepping ~*~*~tactically~*~*~ (outnumbered).
  7587 | D:9      | 7587 ||| Stepping ~*~*~tactically~*~*~ (outnumbered).
  7588 | D:9      | 7588 ||| Stepping ~*~*~tactically~*~*~ (outnumbered).
  7589 | D:9      | 7589 ||| Stepping ~*~*~tactically~*~*~ (outnumbered).
  7590 | D:9      | 7590 ||| Stepping ~*~*~tactically~*~*~ (outnumbered).
  7591 | D:9      | 7591 ||| Stepping ~*~*~tactically~*~*~ (outnumbered).
  7600 | D:9      | 7600 ||| INVOKING Fiery Armour.
  7696 | D:9      | Found an ornate altar of the Wu Jian Council.
  7968 | D:9      | 7968 ||| UPGRADING to +0 steam dragon scales.
  7978 | D:9      | 7978 ||| DROPPING +0 robe.
  7979 | D:9      | 7979 ||| READING scroll of enchant armour.
  7979 | D:9      | 7979 ||| ENCHANTING +0 steam dragon scales.
  8009 | D:10     | Entered Level 10 of the Dungeon
  8035 | D:10     | 8035 ||| Stepping ~*~*~tactically~*~*~ (outnumbered).
  8038 | D:10     | 8038 ||| Stepping ~*~*~tactically~*~*~ (outnumbered).
  8039 | D:10     | 8039 ||| Stepping ~*~*~tactically~*~*~ (outnumbered).
  8040 | D:10     | 8040 ||| Stepping ~*~*~tactically~*~*~ (outnumbered).
  8041 | D:10     | 8041 ||| Stepping ~*~*~tactically~*~*~ (outnumbered).
  8055 | D:10     | Found a shimmering blue altar of Sif Muna.
  8058 | D:10     | 8058 ||| Stepping ~*~*~tactically~*~*~ (stealth).
  8061 | D:10     | 8061 ||| Stepping ~*~*~tactically~*~*~ (stealth).
  8064 | D:10     | 8064 ||| Stepping ~*~*~tactically~*~*~ (stealth).
  8068 | D:10     | 8068 ||| Stepping ~*~*~tactically~*~*~ (outnumbered).
  8095 | D:10     | 8095 ||| Stepping ~*~*~tactically~*~*~ (stealth).
  8099 | D:10     | 8099 ||| Stepping ~*~*~tactically~*~*~ (outnumbered).
  8105 | D:10     | 8105 ||| INVOKING Fiery Armour.
  8106 | D:10     | Reached skill level 1 in Armour
  8192 | D:10     | 8192 ||| Stepping ~*~*~tactically~*~*~ (hiding).
  8211 | D:10     | 8211 ||| Stepping ~*~*~tactically~*~*~ (stealth).
  8321 | D:10     | 8321 ||| Stepping ~*~*~tactically~*~*~ (outnumbered).
  8324 | D:10     | Noticed a two-headed ogre
  8325 | D:10     | 8325 ||| INVOKING Fiery Armour.
  8336 | D:10     | Paralysed by a hornet for 2 turns
  8345 | D:10     | HP: 13/92 [two-headed ogre/+0 giant club (17)]
  8346 | D:10     | 8346 ||| READING 3 scrolls of teleportation.
  8347 | D:10     | 8347 ||| DRINKING potion of heal wounds.
  8435 | D:10     | Found a staircase to the Lair.
  8436 | D:10     | 8436 ||| Stepping ~*~*~tactically~*~*~ (stealth).
  8437 | D:10     | Noticed an oklob plant
  8438 | D:10     | 8438 ||| Stepping ~*~*~tactically~*~*~ (stealth).
  8440 | D:10     | 8440 ||| INVOKING Fiery Armour.
  8441 | D:10     | 8441 ||| Stepping ~*~*~tactically~*~*~ (stealth).
  8443 | D:10     | 8443 ||| Stepping ~*~*~tactically~*~*~ (outnumbered).
  8448 | D:10     | 8448 ||| Stepping ~*~*~tactically~*~*~ (outnumbered).
  8449 | D:10     | 8449 ||| Stepping ~*~*~tactically~*~*~ (outnumbered).
  8451 | D:10     | 8451 ||| Stepping ~*~*~tactically~*~*~ (outnumbered).
  8452 | D:10     | 8452 ||| Stepping ~*~*~tactically~*~*~ (outnumbered).
  8454 | D:10     | 8454 ||| Stepping ~*~*~tactically~*~*~ (outnumbered).
  8456 | D:10     | 8456 ||| Stepping ~*~*~tactically~*~*~ (outnumbered).
  8465 | D:10     | 8465 ||| FLEEEEING.
  8466 | D:10     | 8466 ||| FLEEEEING.
  8488 | D:10     | Found a flagged portal.
  8489 | D:10     | 8489 ||| PLANNING TEMPLE
  8489 | D:10     | 8489 ||| READING 4 scrolls of identify.
  8489 | D:10     | 8489 ||| IDENTIFYING fuming silvery potion
  8577 | Temple   | Entered the Ecumenical Temple
  8578 | Temple   | 8578 ||| PLANNING CONVERSION TO OKAWARU
  8585 | Temple   | Fell from the grace of Ignis
  8585 | Temple   | Became a worshipper of Warmaster Okawaru
  8586 | Temple   | 8586 ||| PLANNING LAIR
  8698 | D:10     | Killed an oklob plant
  8734 | Lair:1   | Entered Level 1 of the Lair of Beasts
  8738 | Lair:1   | 8738 ||| Stepping ~*~*~tactically~*~*~ (outnumbered).
  8739 | Lair:1   | Noticed a cane toad
  8741 | Lair:1   | 8741 ||| Stepping ~*~*~tactically~*~*~ (outnumbered).
  8744 | Lair:1   | 8744 ||| Stepping ~*~*~tactically~*~*~ (outnumbered).
  8750 | Lair:1   | HP: 4/92 [cane toad (20)]
  8751 | Lair:1   | 8751 ||| READING 2 scrolls of teleportation.
  8751 | Lair:1   | HP: 1/92 [poisoned by a cane toad]
  8751 | Lair:1   | Mangled by a yak

Levels and vault maps discovered:
D:1:      dpeg_arrival_solitude, layout_basic,
          shapermc_ecumenical_altar_mp_vishouse, st_stairs_13,
          serial_bayou_ford_a
D:2:      layout_basic
D:3:      layout_loops_ring, gammafunk_ghost_split, uniq_natasha, uniq_grinder
D:4:      layout_cave_pods, serial_column_ruins, column_ruins_temple_circle,
          column_ruins_hut_pillars, column_ruins_open_tiny,
          column_ruins_open_small, column_ruins_grid_1, column_ruins_open_tiny,
          column_ruins_open_tiny, column_ruins_grid_4, column_ruins_open_tiny,
          uniq_sigmund
D:5:      layout_loops_ring, minmay_temple_entry_large_hall,
          chequers_serial_rivers_small_a, minmay_misc_feat_rugged, uniq_edmund
D:6:      layout_basic, grunt_qazlal_clouds
D:7:      layout_basic, lemuel_round_altar, gup_ossuary_entry_pyramid,
          hangedman_glass_teeth
D:8:      layout_cave_pools, serial_glass, glass_columns_b, glass_columns_a,
          patterned_corridor
D:9:      layout_basic, mainiacjoe_overflow_catwalk, serial_corexii_hall,
          corexii_hall_statues_x, chequers_hall_statues_corner_a
D:10:     layout_long_grid, trog_book, mainiacjoe_overflow_surrounded_room,
          grunt_dithmenos_shadows, dpeg_oklobed_lair,
          ploomutoo_gammafunk_ghost_potion_laboratory, enter_bailey_2,
          minmay_fractal_squares_5
Temple:   compressed_dpeg_triangle_lava_temple
Lair:1:   layout_misc_corridors, grunt_forest_large_clearing_hut,
          grunt_megastairs_3

Skill      XL: |  1  2  3  4  5  6  7  8  9 10 |
---------------+-------------------------------+-----
Unarmed Combat | 4 5 7 9 10 | 10.1
Shields        | 2 3 5 6 7 9 10 11 | 11.9
Fighting       | 3 4 |  4.1
Throwing       | 1 |  1.4
Dodging        | 1 |  1.1
Armour         | 1 |  1.0
Spellcasting   | |  1.0
Fire Magic     | |  2.1

Action                   |  1- 3 |  4- 6 |  7- 9 | 10-12 || total
-------------------------+-------+-------+-------+-------++-------
Melee: Unarmed           |    78 |    86 |   416 |   169 ||   749
Throw: Boomerang         |    22 |    17 |    72 |    32 ||   143
Invok: Fiery Armour      |       |     1 |     6 |     5 ||    12
  Use: Scroll            |     6 |     4 |     8 |     6 ||    24
       Potion            |       |     3 |     4 |     2 ||     9
Armor: Robe              |    24 |    23 |    97 |     4 ||   148
       Steam dragon scal |       |       |       |    29 ||    29
Dodge: Dodged            |    18 |    24 |    72 |    42 ||   156
Block: Tower shield      |     6 |    38 |   286 |   145 ||   475

Table legend:
 A = Non-vault XP
 B = Vault XP
 C = Vault XP percentage of total XP
 D = Non-vault monster count
 E = Vault monster count
 F = Vault count percentage of total count
                 A         B        C        D         E       F
            +---------+---------+-------+---------+---------+-------
      Total |    8112 |    2544 |  23.9 |     202 |      50 |  19.8
            +---------+---------+-------+---------+---------+-------
        D:1 |      13 |       6 |  31.6 |       7 |       2 |  22.2
        D:2 |      26 |       0 |   0.0 |      13 |       0 |   0.0
        D:3 |     380 |     321 |  45.8 |      33 |       2 |   5.7
        D:4 |     201 |     303 |  60.1 |      21 |       2 |   8.7
        D:5 |     525 |     157 |  23.0 |      18 |       1 |   5.3
        D:6 |     851 |       0 |   0.0 |      34 |       0 |   0.0
        D:7 |    1239 |      18 |   1.4 |      17 |       1 |   5.6
        D:8 |    1617 |       0 |   0.0 |      22 |       0 |   0.0
        D:9 |    2589 |       0 |   0.0 |      15 |       0 |   0.0
       D:10 |     578 |    1253 |  68.4 |      21 |       4 |  16.0
     Lair:1 |      93 |       0 |   0.0 |       1 |       0 |   0.0
    Ossuary |       0 |     486 | 100.0 |       0 |      38 | 100.0
            +---------+---------+-------+---------+---------+-------
